 Dungeon Crawl Stone Soup version 0.27-a0-1090-gb115f176c6 (webtiles) character file.

Game seed: 3444389088828995693

1814 rjrrt the Cleaver (level 8, -7/60 HPs)
             Began as a Demonspawn Berserker on Apr 27, 2021.
             Was an Elder of Trog.
             Mangled by an orc wizard
             ... wielding a +0 dagger of electrocution
              (8 damage)
             ... on level 7 of the Dungeon.
             The game lasted 00:13:56 (8017 turns).

rjrrt the Cleaver (Demonspawn Berserker)            Turns: 8017, Time: 00:13:56

Health: -7/60      AC: 12    Str: 19    XL:     8   Next: 84%
Magic:  8/8        EV: 11    Int:  9    God:    Trog [****..]
Gold:   280        SH:  0    Dex: 13    Spells: 7/7 levels left

rFire    + . .     SeeInvis .   a - +1 hand axe
rCold    . . .     Faith    .   (no shield)
rNeg     . . .     Spirit   .   E - +0 swamp dragon scales
rPois    +         Reflect  .   (no helmet)
rElec    .         Harm     .   (no cloak)
rCorr    .         Rampage  .   D - +0 pair of gloves
Will     .....                  b - +0 pair of boots
Stlth    +.........             (no amulet)
HPRegen  0.20/turn              j - ring of protection from fire
MPRegen  0.11/turn              (no ring)

@: no status effects
A: claws 1, yellow scales 1, spiny 2
a: Renounce Religion, Berserk, Trog's Hand, Brothers in Arms


You were on level 7 of the Dungeon.
You worshipped Trog.
Trog was greatly pleased with you.
You visited 1 branch of the dungeon, and saw 7 of its levels.
You also visited: Ossuary.

You collected 322 gold pieces.
You spent 42 gold pieces at shops.

Inventory:

Hand Weapons
 a - a +1 hand axe (weapon)
 k - a +0 trident
 s - a +2 morningstar of flaming
Missiles
 h - 64 poisoned darts (quivered)
 q - 3 atropa-tipped darts
 r - 7 javelins
 B - 2 curare-tipped darts
Armour
 b - a +0 pair of boots (worn)
 D - a +0 pair of gloves (worn)
 E - +0 swamp dragon scales (worn)
Jewellery
 j - a ring of protection from fire (left hand)
Wands
 c - a wand of paralysis (9)
 i - a wand of polymorph (10)
 n - a wand of iceblast (8)
 y - a wand of mindburst (9)
Scrolls
 p - a scroll of teleportation
 v - 3 scrolls of fog
 C - a scroll of magic mapping
Potions
 d - a potion of curing
 e - a potion of resistance
 f - 3 potions of haste
 g - 4 potions of heal wounds
 l - 3 potions of attraction
 m - 2 potions of might
 o - 2 potions of lignification
 t - a potion of ambrosia {unknown}
 u - a potion of mutation {unknown}
 w - a potion of invisibility {unknown}
 x - a potion of degeneration {unknown}
 z - 2 potions of flight {unknown}
 A - a potion of cancellation {unknown}


   Skills:
 + Level 4.1 Fighting
 * Level 9.5 Axes
 + Level 3.0 Armour
 + Level 3.0 Dodging
 + Level 2.6 Evocations


You had 7 spell levels left.
You didn't know any spells.
Your spell library was empty.

Dungeon Overview and Level Annotations

Branches:
Dungeon (7/15)             Temple (0/1) D:6         Ossuary (visited)

Altars:
Ashenzari
Makhleb
Uskayaw
Vehumet
Xom
Yredelemnul

Shops:
D:2 =   D:3 !


Innate Abilities, Weirdness & Mutations

You have sharp fingernails.
You are partially covered in yellow scales. (AC +2)
You are mostly covered in sharp spines.


Message History

Something hits you.
Things that are here:
a +0 dagger; a +0 robe; an orc corpse Unknown command.
You hit the orc.
The orc is heavily wounded.
You hit something but do no damage. The orc hits you but does no damage.
The orc wizard gestures at itself while chanting.
The orc wizard flickers and vanishes!
An orc comes into view. It is wielding a +0 flail.
Something barely misses you.
You hit the orc.
You kill the orc!
Trog accepts your kill.
You barely miss something. Something hits you but does no damage.
Unknown command.
An orc comes into view. It is wielding a +0 hand axe.
The orc shouts!
Something hits you but does no damage.
You are electrocuted!!
A magic dart appears from out of thin air!
The magic dart hits you.
Unknown command.
You barely miss something. You barely miss the orc.
Something hits you but does no damage.
You are electrocuted!
The orc is struck by your spines.
You kill the orc!
Trog accepts your kill.
You are too injured to fight recklessly!
You are too injured to fight recklessly!
Unknown command.
You miss something. You closely miss something.
Something hits you but does no damage.
You are electrocuted!
* * * LOW HITPOINT WARNING * * *
You closely miss something. You miss something.
You hear some strange, mumbled words.
A puff of flame appears from out of thin air!
The puff of flame hits you. You resist.
* * * LOW HITPOINT WARNING * * *
Something hits you but does no damage.
You are electrocuted!
You die...

....#.....# ......
....#.....######......
....#................#
[...#..............?.#
....#................+
....#................#
....#................#
....#......$..)).....#
....#.........){@....#
#####..(.........)o..#
).............#####.....
).............+ ....
..............# ...
..............# ..
..............# .
..............#
..............#


You could see an orc.

Vanquished Creatures
  Maggie (D:7)
  Menkaure (D:6)
  A sky beast (D:6)
  2 ogres
  A phantom (D:4)
  2 kobold brigands (D:3)
  An elf zombie (Ossuary)
  A scorpion (D:5)
  A bullfrog (D:7)
  A wyvern skeleton (D:5)
  2 howler monkeys
  2 centaur zombies (Ossuary)
  3 human zombies (Ossuary)
  A jelly (D:6)
  A gnoll shaman (D:7)
  A hound (D:6)
  An iguana (D:5)
  An orc wizard (D:7)
  A hound zombie (Ossuary)
  4 mummies
  8 gnolls
  A howler monkey skeleton (D:5)
  5 adders
  A white imp (D:6)
  An ufetubus (D:5)
  3 adder skeletons
  4 adder zombies (Ossuary)
  A dart slug (D:4)
  13 orcs
  5 ball pythons
  A bat (D:1)
  4 endoplasms
  4 giant cockroaches
  A gnoll zombie (Ossuary)
  7 goblins
  6 hobgoblins
  7 jackals (D:2)
  A quokka (D:1)
  3 frilled lizards (D:1)
  4 goblin zombies (Ossuary)
  4 hobgoblin zombies (Ossuary)
  2 jackal zombies (Ossuary)
  19 kobolds
  2 kobold zombies (Ossuary)
  4 orc zombies
  A quokka zombie (Ossuary)
  2 rats
  5 rat zombies (Ossuary)
148 creatures vanquished.

Vanquished Creatures (others)
  10 fungi (D:5)
10 creatures vanquished.

Grand Total: 158 creatures vanquished

Notes
Turn   | Place    | Note
-------+----------+-------------------------------------------
     0 | D:1      | rjrrt the Demonspawn Berserker began the quest for the Orb.
     0 | D:1      | Reached XP level 1. HP: 18/18 MP: 1/1
    75 | D:1      | HP: 1/27 [quokka (5)]
   194 | D:1      | Reached skill level 3 in Axes
   499 | D:1      | Gained mutation: You are partially covered in sharp spines.
                  | [demonic ancestry]
   499 | D:1      | Reached XP level 2. HP: 18/24 MP: 2/2
  1446 | D:1      | Gained mutation: You are mostly covered in sharp spines.
                  | [demonic ancestry]
  1446 | D:1      | Reached XP level 3. HP: 24/29 MP: 3/3
  1620 | D:1      | Found a faded altar of an unknown god.
  1666 | D:2      | Reached skill level 4 in Axes
  2237 | D:2      | Found Gap Zupe's Jewellery Shoppe.
  2383 | D:2      | Reached XP level 4. HP: 23/35 MP: 4/4
  2916 | D:3      | Reached ** piety under Trog
  3066 | D:3      | Found Efog Omuhurch's Distillery.
  3069 | D:3      | Bought a potion of curing for 42 gold pieces
  3247 | D:3      | Reached skill level 5 in Axes
  3312 | D:3      | You fall into a shaft and drop 3 floors!
  3320 | D:6      | Noticed a sky beast
  3337 | D:6      | Killed a sky beast
  3338 | D:6      | Gained mutation: You have sharp fingernails. [demonic
                  | ancestry]
  3338 | D:6      | Reached XP level 5. HP: 41/41 MP: 5/5
  3342 | D:6      | Reached skill level 6 in Axes
  3436 | D:6      | Found a staircase to the Ecumenical Temple.
  3580 | D:5      | Entered Level 5 of the Dungeon
  3580 | D:5      | Noticed an ogre
  3586 | D:5      | Killed an ogre
  3587 | D:5      | Gained mutation: You are partially covered in yellow
                  | scales. (AC +2) [demonic ancestry]
  3587 | D:5      | Reached XP level 6. HP: 47/47 MP: 6/6
  3783 | D:5      | Found a sand-covered staircase.
  3814 | Ossuary  | Entered an ossuary
  3887 | Ossuary  | Reached *** piety under Trog
  3892 | Ossuary  | Reached skill level 7 in Axes
  4007 | Ossuary  | Reached XP level 7. HP: 48/52 MP: 7/7
  4220 | Ossuary  | Reached skill level 8 in Axes
  4780 | D:3      | Found a broken altar of Ashenzari.
  4780 | D:3      | Found a basalt altar of Yredelemnul.
  4780 | D:3      | Found a radiant altar of Vehumet.
  4780 | D:3      | Found a burning altar of Makhleb.
  4781 | D:3      | Found a shimmering altar of Xom.
  5543 | D:4      | Found a hide-covered altar of Uskayaw.
  5862 | D:4      | Reached XP level 8. HP: 58/58 MP: 8/8
  7080 | D:6      | Noticed Menkaure
  7090 | D:6      | Killed Menkaure
  7091 | D:6      | Reached skill level 9 in Axes
  7091 | D:6      | Reached skill level 1 in Evocations
  7332 | D:6      | Reached **** piety under Trog
  7813 | D:7      | Noticed Maggie
  7833 | D:7      | Killed Maggie
  8016 | D:7      | HP: 3/60 [something (16)]
  8017 | D:7      | HP: 1/60 [something/puff of flame (2)]
  8017 | D:7      | Mangled by an orc wizard

Illustrated notes

Levels and vault maps discovered:
D:1:      heliophobic_arrival_dark_side_of_the_moon, layout_basic,
          shapermc_ecumenical_altar_venn
D:2:      layout_rooms, serial_shops, shop
D:3:      cheibrodos_thug_alley, layout_basic, grunt_temple_overflow_open,
          serial_shops, shop
D:4:      layout_gridville, nicolae_uskayaw_suspiria
D:5:      layout_basic, nicolae_ossuary_entry_giza, serial_aquarium,
          aquarium_bridge_square [aquarium_subvault_balcony,
          aquarium_subvault_bridge, aquarium_subvault_wall,
          aquarium_subvault_bridge], aquarium_bridge_square
          [aquarium_subvault_bridge, aquarium_subvault_window,
          aquarium_subvault_bridge, aquarium_subvault_wall], aquarium_window_3,
          aquarium_window_fake, aquarium_window_2, aquarium_window_fake,
          aquarium_view_2b, aquarium_balcony_3b, moated_statue
D:6:      layout_gridville, minmay_temple_entry_enclosed_plants, uniq_menkaure
D:7:      cheibrodos_steamvent, layout_gridville, minmay_misc_feat_alley,
          uniq_maggie

Skill      XL: |  1  2  3  4  5  6  7  8 |
---------------+-------------------------+-----
Axes           | 3 4 5 6 7 8 9 |  9.5
Dodging        | 3 |  3.0
Armour         | 3 |  3.0
Evocations     | 2 |  2.6
Fighting       | 4 |  4.1

Action                   |  1- 3 |  4- 6 |  7- 9 || total
-------------------------+-------+-------+-------++-------
Melee: Hand axe          |    73 |   121 |   165 ||   359
Invok: Berserk           |     5 |     7 |     6 ||    18
  Use: Scroll            |       |       |    19 ||    19
       Potion            |       |       |     1 ||     1
Armor: Animal skin       |    10 |     1 |       ||    11
       Ring mail         |       |    10 |       ||    10
       Chain mail        |       |    32 |    70 ||   102
       Swamp dragon scal |       |       |    11 ||    11
Dodge: Dodged            |    44 |    33 |    42 ||   119

Table legend: (Time is in decaauts)
 A = Elapsed time spent in this place.
 B = Non-inter-level travel time spent in this place.
 C = Inter-level travel time spent in this place.
 D = Time resting spent in this place.
 E = Time spent auto-exploring this place.
 F = Levels seen in this place.
 G = Mean time per level.
                   A        B        C        D        E       F      G
               +--------+--------+--------+--------+--------+-----+--------+
         Total |   8178 |   8033 |    145 |   1765 |   4846 |   8 | 1022.2 |
       Dungeon |   7571 |   7426 |    145 |   1725 |   4557 |   7 | 1081.6 |
       Ossuary |    607 |    607 |      0 |     40 |    288 |   1 |  607.0 |
               +--------+--------+--------+--------+--------+-----+--------+

Top non-repeatable levels by time:
     D:1: 1693 daAuts
     D:3: 1376 daAuts
     D:2: 1083 daAuts
     D:5: 1035 daAuts
     D:6: 1025 daAuts
     D:4: 1013 daAuts
 Ossuary: 607 daAuts
     D:7: 343 daAuts
